 Dungeon Crawl Stone Soup version 0.29.1-2-gbd0b4ee654 (webtiles) character file.

Game seed: 1465873689137387157

9458 croobank the Cleaver (level 11, -8/86 HPs)
             Began as a Human Fighter on Nov 19, 2022.
             Was a Believer of Makhleb.
             Killed from afar by Erica (17 damage)
             ... with a lance of force
             ... on level 10 of the Dungeon.
             The game lasted 00:47:31 (13587 turns).

croobank the Cleaver (Human Fighter)               Turns: 13587, Time: 00:47:31

Health: -8/86      AC: 18    Str: 24 (25) XL:     11   Next: 74%
Magic:  0/15       EV: 10    Int:  8 (9)  God:    Makhleb [**....]
Gold:   435        SH:  0    Dex: 12 (14) Spells: 10/10 levels left

rFire   + . .      SeeInvis .   a - +0 war axe
rCold   + . .      Faith    .   c - +1 buckler
rNeg    . . .      Spirit   +   m - +0 acid dragon scales
rPois   .          Reflect  .   (no helmet)
rElec   .          Harm     .   C - scarf {rC+ rF+}
rCorr   +          Rampage  .   j - +2 pair of gloves
Will    .....                   w - +2 pair of boots
Stlth   ..........              i - amulet of guardian spirit
HPRegen 0.24/turn               g - +6 ring of strength
MPRegen 0.14/turn               v - +4 ring of protection

@: confused, slowed, very slow
A: no striking features
a: Renounce Religion, Minor Destruction


You were on level 10 of the Dungeon.
You worshipped Makhleb.
Makhleb was pleased with you.
You visited 3 branches of the dungeon, and saw 13 of its levels.
You also visited: Sewer.

You collected 591 gold pieces.
You spent 156 gold pieces at shops.

Inventory:

Hand Weapons
 a - a +0 war axe (weapon)
 b - a +0 sling
 e - the +8 rapier "Duudinal" {vorpal, rF+ Will+ rCorr Dex-4}
   (You took it off a kobold brigand on level 10 of the Dungeon)

   It inflicts extra damage upon your enemies.
   Dex:       It affects your dexterity (-4).
   rF:        It protects you from fire.
   rCorr:     It protects you from acid and corrosion.
   Will:      It increases your willpower.
 n - a +0 great mace
 p - a +5 long sword
 r - a +2 vampiric short sword
 s - a +1 dagger of venom
 x - a +5 halberd
 E - a +3 short sword of freezing
 H - a +3 falchion
 I - a +0 long sword
 M - a +4 hand axe
Missiles
 t - 3 javelins (quivered)
Armour
 c - a +1 buckler (worn)
 j - a +2 pair of gloves (worn)
 k - a +0 scale mail
 m - +0 acid dragon scales (worn)
 q - a +0 crystal plate armour
 w - a +2 pair of boots (worn)
 y - a scarf of repulsion
 C - a scarf of resistance (worn)
Jewellery
 g - a +6 ring of strength (left hand)
 h - a ring of fire
 i - an amulet of guardian spirit (around neck)
 l - the ring "Couwn" {rF+ rN+ Int+4 Stlth-}
   (You acquired it on level 4 of the Dungeon)

   [ring of protection from fire]

   Int:       It affects your intelligence (+4).
   rF:        It protects you from fire.
   rN:        It protects you from negative energy.
   Stlth:     It makes you less stealthy.
 v - a +4 ring of protection (right hand)
Scrolls
 f - 2 scrolls of blinking
 D - a scroll of teleportation
 G - a scroll of poison
 J - a scroll of identify
Potions
 d - 3 potions of magic
 o - 5 potions of mutation
 u - 4 potions of attraction
 A - a potion of ambrosia
 B - 2 potions of degeneration


   Skills:
 + Level 8.2 Fighting
 * Level 10.8 Axes
 + Level 8.1 Armour
 + Level 8.3 Shields
 + Level 5.8 Invocations


You had 10 spell levels left.
You didn't know any spells.
Your spell library contained the following spells:

 Spells                   Type           Power      Damage    Failure   Level
 Magic Dart               Conj           0%         1d3       54%         1
 Shock                    Conj/Air       0%         1d3       54%         1
 Sting                    Tmut/Pois      0%         1d3       54%         1
 Poisonous Vapours        Pois/Air       0%         N/A       69%         2
 Searing Ray              Conj           0%         2d4       69%         2
 Conjure Flame            Conj/Fire      0%         6-21      89%         3
 Ignite Poison            Fire/Tmut/Pois 0%         N/A       89%         3
 Portal Projectile        Hex/Tloc       0%         N/A       89%         3
 Tukima's Dance           Hex            0%         N/A       89%         3
 Corpse Rot               Necr/Pois/Air  0%         N/A       100%        4
 Fulminant Prism          Conj/Hex       0%         3d6       100%        4
 Olgreb's Toxic Radiance  Pois           0%         N/A       100%        4
 Sticky Flame             Conj/Fire      0%         2d3       100%        4
 Blade Hands              Tmut           0%         N/A       100%        5
 Fireball                 Conj/Fire      0%         3d3       100%        5
 Dispersal                Tloc           0%         N/A       100%        6
 Starburst                Conj/Fire      0%         6d3       100%        6
 Disjunction              Tloc           0%         N/A       100%        8
 Ignition                 Fire           0%         3d3       100%        8


Dungeon Overview and Level Annotations

Branches:
Dungeon (11/15)            Temple (1/1) D:5            Lair (1/5) D:8
    Orc (0/2) D:10          Sewer (visited)

Altars:
Ashenzari
Cheibriados
Dithmenos
Elyvilon
Fedhas
Gozag
Hepliaklqana
Kikubaaqudgha
Makhleb
Nemelex Xobeh
Okawaru
Qazlal
Ru
Trog
Uskayaw
Vehumet
Wu Jian
Xom
Yredelemnul
Zin
The Shining One

Shops:
D:3 [   D:7 [

Annotations:
D:5 3 runed translucent doors, Algorand's ghost, amateur DjEE
D:10 1 runed translucent door, Erica


Message History

You hit something. You block something's attack.
You completely miss something.
You hear some strange, mumbled words.
A lance of force appears from out of thin air!
The lance of force hits you!!
You are knocked back by the lance of force.
You hear some strange, mumbled words.
A bolt of poison appears from out of thin air!
The bolt of poison hits you!!
You are poisoned.
You feel very sick.
You hit something but do no damage.
You feel very sick. Something hits you.
* * * LOW HITPOINT WARNING * * *
You slash something!
You feel sick. Something hits you.
* * * LOW HITPOINT WARNING * * *
Something burns you.
* * * LOW HITPOINT WARNING * * *
You feel better.
You hear some strange, mumbled words.
You are confused.
You are too confused!
Okay, then.
Okay, then.
You bump into the rock wall.
You hear some strange, mumbled words.
A lance of force appears from out of thin air!
The lance of force hits you!!
* * * LOW HITPOINT WARNING * * *
You are knocked back by the lance of force.
You feel yourself slow down.
You feel less confused.
You are confused.
You bump into the rock wall.
You're too confused to move!
You hear some strange, mumbled words.
A lance of force appears from out of thin air!
The lance of force hits you!!
You die...

#.####.#.# ..#
#.#....... #.#
####.#.###... #.#
#.......)(...
#.###.....####...
#.#.{.....# #...
#.#.#.....####...
##.#.#######....))
#@.{....# #...$..
#.......####...###
#.<........)...#
#.......####...#
#.......# ...#
##.###### ...# #.#
.### #.# .# #.# .#


There were no monsters in sight!

Vanquished Creatures
  Josephine (D:10)
  3 two-headed ogres
  A komodo dragon (D:8)
  A troll (D:9)
  A merfolk (D:9)
  Grinder (D:5)
  5 wraiths
  6 yaks
  A steam dragon (D:8)
  A warg (D:10)
  2 water moccasins
  An acid dragon (D:9)
  6 orc warriors
  A sky beast (D:6)
  5 centaurs
  3 ogres
  2 phantoms
  3 kobold brigands
  A bullfrog (D:5)
  2 scorpions (D:5)
  2 necrophages
  15 wights
  6 howler monkeys
  A quasit (D:5)
  2 hounds
  4 orc priests
  4 iguanas
  18 orc wizards
  7 adders
  3 shadow imps
  2 white imps (D:5)
  4 ufetubi (D:5)
  3 worms
  2 dart slugs
  35 orcs
  8 endoplasms
  5 giant cockroaches
  13 goblins
  4 hobgoblins
  3 jackals (D:1)
  4 quokkas
  7 ball pythons
  11 bats
  10 frilled lizards
  25 kobolds
  7 rats
252 creatures vanquished.

Vanquished Creatures (others)
  2 demonic plants (D:5)
  2 fungi (D:9)
  22 plants
26 creatures vanquished.

Grand Total: 278 creatures vanquished

Notes
Turn   | Place    | Note
-------+----------+-------------------------------------------
     0 | D:1      | croobank the Human Fighter began the quest for the Orb.
     0 | D:1      | Reached XP level 1. HP: 18/18 MP: 1/1
    54 | D:1      | Reached XP level 2. HP: 21/24 MP: 2/2
   544 | D:1      | Reached XP level 3. HP: 26/29 MP: 3/3
  1147 | D:2      | Found a faded altar of an unknown god.
  1161 | D:2      | Got Plato's Papyrus of Attacks
  1598 | D:2      | Reached XP level 4. HP: 27/35 MP: 2/4
  2112 | D:2      | HP: 1/36 [something/puff of flame (7)]
  2120 | D:2      | Reached skill level 3 in Axes
  2120 | D:2      | Reached XP level 5. HP: 25/42 MP: 3/5
  3095 | D:3      | Found a radiant altar of Vehumet.
  3128 | D:3      | Reached XP level 6. HP: 48/48 MP: 6/6
  3215 | D:3      | Found a hide-covered altar of Uskayaw.
  3215 | D:3      | Found a sparkling altar of Nemelex Xobeh.
  3545 | D:3      | Found Bufiko Doga's Antique Armour Shop.
  4014 | D:4      | Identified a scroll of acquirement
  4313 | D:4      | Reached skill level 4 in Axes
  4472 | D:5      | Entered Level 5 of the Dungeon
  4484 | D:5      | Reached XP level 7. HP: 30/54 MP: 4/7
  4625 | D:5      | Found a glowing silver altar of Zin.
  4625 | D:5      | Found a basalt altar of Yredelemnul.
  4672 | D:5      | Noticed Grinder
  4678 | D:5      | Paralysed by Grinder for 3 turns
  4686 | D:5      | Killed Grinder
  4687 | D:5      | Reached skill level 5 in Axes
  4846 | D:5      | Found a runed translucent gate.
  4846 | D:5      | Found a runed translucent gate.
  4846 | D:5      | Found a runed translucent gate.
  4847 | D:5      | Noticed Algorand's ghost (amateur DjEE)
  4868 | D:5      | Reached XP level 8. HP: 60/61 MP: 8/8
  4940 | D:5      | Found a glowing drain.
  4951 | Sewer    | Entered a sewer
  4991 | Sewer    | Reached skill level 5 in Fighting
  4991 | Sewer    | Reached skill level 5 in Armour
  4991 | Sewer    | Reached skill level 5 in Shields
  5320 | D:5      | Found a staircase to the Ecumenical Temple.
  5342 | Temple   | Entered the Ecumenical Temple
  5377 | Temple   | Became a worshipper of Makhleb the Destroyer
  5665 | D:5      | Reached skill level 6 in Axes
  6410 | D:6      | Reached XP level 9. HP: 68/68 MP: 9/9
  6525 | D:6      | Reached skill level 7 in Axes
  7155 | D:7      | Found Jasur's Armour Shoppe.
  7233 | D:7      | Bought a scarf of repulsion for 156 gold pieces
  7279 | D:7      | Reached * piety under Makhleb
  7340 | D:7      | Reached skill level 1 in Invocations
  7747 | D:7      | Reached skill level 8 in Axes
  8189 | D:8      | Acquired the ring "Couwn" {rF+ rN+ Int+4 Stlth-}
  8327 | D:8      | Found a staircase to the Lair.
  8348 | D:8      | Reached XP level 10. HP: 51/70 MP: 7/11
  8375 | D:8      | Noticed a komodo dragon
  8390 | D:8      | Killed a komodo dragon
  9805 | D:9      | Found a bloodstained altar of Trog.
 10003 | D:9      | Reached skill level 9 in Axes
 10751 | D:9      | Noticed a two-headed ogre
 10759 | D:9      | Killed a two-headed ogre
 11103 | D:10     | Entered Level 10 of the Dungeon
 11113 | D:10     | Noticed Josephine
 11221 | D:9      | Reached XP level 11. HP: 78/84 MP: 12/14
 11263 | D:9      | Reached ** piety under Makhleb
 11659 | D:10     | Found a runed translucent gate.
 11690 | D:10     | Reached skill level 10 in Axes
 11709 | D:10     | Identified the +8 rapier "Duudinal" {vorpal, rF+ Will+
                  | rCorr Dex-4}
 11710 | D:10     | Noticed a two-headed ogre
 12010 | Lair:1   | Entered Level 1 of the Lair of Beasts
 12046 | D:8      | Reached skill level 5 in Invocations
 12329 | D:10     | Noticed a two-headed ogre
 12356 | D:10     | Killed a two-headed ogre
 12567 | D:11     | Noticed a five-headed hydra
 12733 | D:10     | Killed Josephine
 13023 | D:10     | Noticed Erica
 13024 | D:10     | Killed a two-headed ogre
 13070 | D:10     | Found a staircase to the Orcish Mines.
 13587 | D:10     | Killed from afar by Erica

Illustrated notes

Levels and vault maps discovered:
D:1:      minmay_arrival_hallway, layout_loops_ring,
          dreamdust_mushroom_princess, lexackson_kobold_supper
D:2:      minmay_razor_zed, layout_basic, shapermc_ecumenical_altar_rom_forum
D:3:      layout_loops_ring, vehumet_crystals, nicolae_overflow_two_pavilions,
          serial_shops, nicolae_lakefront_shop
D:4:      layout_basic, amcnicky_mini_rare_corridor_liquid, st_stairs_6
D:5:      layout_rooms, grunt_temple_overflow_open,
          minmay_temple_entry_offerings, serial_demonic, serial_demonic_g,
          serial_demonic_c, serial_demonic_a, serial_demonic_f,
          gammafunk_ghost_nasty_kobolds, gup_sewer_entry_pipe,
          kennysheep_potato, uniq_grinder
D:6:      layout_rooms
D:7:      layout_loops_cross, serial_shops, nicolae_stop_n_shop_1,
          serial_park_tiny_pond
D:8:      layout_gridville, david_lair_shrubbed
D:9:      layout_basic, mainiacjoe_overflow_chevrons, hangedman_fish_farm
D:10:     layout_basic, kennysheep_mini_moat, david_orc_3,
          gammafunk_ghost_necromancy, uniq_erica, uniq_josephine
D:11:     layout_loops_ring, serial_shops, shop_statue, shop, kennysheep_mini,
          uniq_nergalle, uniq_fannar
Temple:   nicolae_temple_superstar
Lair:1:   layout_misc_corridors, serial_bayou_ford_a, serial_bayou_shore_b,
          uniq_amaemon

Skill      XL: |  1  2  3  4  5  6  7  8  9 10 11 |
---------------+----------------------------------+-----
Axes           | 3 4 5 6 8 9 10 | 10.8
Shields        | 4 5 6 7 8 |  8.3
Fighting       | 4 5 6 7 8 |  8.2
Armour         | 4 5 6 7 8 |  8.1
Invocations    | 2 4 5 |  5.8

Action                   |  1- 3 |  4- 6 |  7- 9 | 10-12 || total
-------------------------+-------+-------+-------+-------++-------
Melee: War axe           |   104 |   173 |   304 |   409 ||   990
Throw: Javelin           |       |       |     5 |     2 ||     7
       Throwing net      |       |       |     1 |     3 ||     4
       Dart              |       |       |       |     3 ||     3
Invok: Minor Destruction |       |       |       |     5 ||     5
Evoke: Wand              |       |       |       |    17 ||    17
  Use: Potion            |       |     1 |    10 |    13 ||    24
       Scroll            |       |    10 |    10 |     8 ||    28
 Stab: Held in net/web   |       |       |       |     1 ||     1
Armor: Scale mail        |    56 |    91 |   309 |    20 ||   476
       Acid dragon scale |       |       |       |   143 ||   143
       Skin              |       |       |       |     1 ||     1
Dodge: Dodged            |    49 |    59 |   214 |   127 ||   449
Block: Buckler           |    23 |    50 |   128 |    94 ||   295
